 Dungeon Crawl Stone Soup version 0.17-b1-15-g0f5fb43 (webtiles) character file.

47 Television the Poker (level 3, -2/27 HPs)
             Began as a Merfolk Warper on Nov 3, 2015.
             Was an Initiate of Trog.
             Killed by nerve-wracking pain
             ... invoked by an orc priest
              (10 damage)
             ... on level 3 of the Dungeon.
             The game lasted 00:05:22 (620 turns).

Television the Poker (Merfolk Warper)                Turns: 620, Time: 00:05:22

Health: -2/27      AC:  3    Str: 12    XL:     3   Next: 70%
Magic:  6/6        EV: 12    Int: 12    God:    Trog [......]
Gold:   95         SH:  0    Dex: 13    Spells: 1 memorised, 5 levels left

rFire  . . .     SeeInvis .     a - +0 spear
rCold  . . .     Clarity  .     b - +0 leather armour
rNeg   . . .     SustAt   .     (no shield)
rPois  .         Gourm    .     (no helmet)
rElec  .         Spirit   .     (no cloak)
rCorr  .         Warding  .     (no gloves)
rMut   .         Stasis   .     (no boots)
MR     .....                    (no amulet)
Stlth  +.........               (no ring)
                                (no ring)

@: not resistant to hostile enchantments, very unstealthy
A: change form in water, swift swim
a: Burn Spellbooks, Renounce Religion


You were on level 3 of the Dungeon.
You worshipped Trog.
Trog was noncommittal.
You were not hungry.

You visited 1 branch of the dungeon, and saw 4 of its levels.

You collected 95 gold pieces.

Inventory:

Hand Weapons
 a - a +0 spear (weapon)
Missiles
 e - 5 tomahawks of dispersal (quivered)
 g - 17 poisoned needles
Armour
 b - a +0 leather armour (worn)
Scrolls
 d - 2 scrolls of blinking
 h - 3 scrolls of enchant armour {unknown}
 i - a scroll of remove curse
 k - a scroll of magic mapping {unknown}
 l - a scroll of identify
 p - a scroll of enchant weapon
Comestibles
 f - 3 bread rations
 j - a meat ration
 o - a chunk of flesh


   Skills:
 - Level 2.1 Fighting
 + Level 5.7 Polearms
 - Level 1.0 Throwing
 - Level 0.6 Armour
 - Level 2.6 Dodging
 - Level 2.0 Spellcasting
 - Level 2.4 Translocations


You had 5 spell levels left.
You knew the following spells:

 Your Spells              Type           Power        Failure   Level  Hunger
a - Apportation           Tloc           #.........   17%         1    ##.....


Dungeon Overview and Level Annotations

Branches:
Dungeon (4/15)
 Temple: D:4-7

Altars:
Nemelex Xobeh
Trog

Annotations:
D:4 tp1's ghost, amateur DEFE


Message History

An orc priest comes into view. It is wielding a short sword.
The orc priest shouts!
You hear a shout!
Found a meat ration.
Attack whom?
Press: ? - help, Dir - move target cursor, f - orc priest
Aim: an orc priest, wielding a short sword and wearing a leather armour You reach to attack!
Your leather armour prevents you from hitting the orc priest.
You hit the orc priest but do no damage.
The orc priest hits you with a short sword.
* * * LOW HITPOINT WARNING * * *
You are too injured to fight recklessly!
You are too injured to fight recklessly!
You are too injured to fight recklessly!
You are too injured to fight recklessly!
You are too injured to fight recklessly!
You closely miss the orc priest.
The orc priest calls down the wrath of Beogh upon you.
Pain shoots through your body!
You die...

#.# #.###...###....
#.# ##.## ## #.# #.#
#.# #.# #.# # #.# #.#
.# #.# #>#
###.#########.# #.#
#.............#
#.#####.#.####.#@####
#........).....#o#
#######.##.....#.#
#.##........
##.#........%
#.<...........
#..#..........
#..###....#.#.# #..#
...#


You could see an orc priest.

Vanquished Creatures
  3 adders (D:3)
  2 giant geckos
  A bat (D:3)
  4 goblins
  A hobgoblin (D:3)
  2 jackals (D:3)
  A quokka (D:4)
  2 giant cockroaches
  A giant newt (D:2)
  2 kobolds
  A rat (D:3)
20 creatures vanquished.

Notes
Turn   | Place    | Note
--------------------------------------------------------------
     0 | D:1      | Television the Merfolk Warper began the quest for the Orb.
     0 | D:1      | Reached XP level 1. HP: 16/16 MP: 3/3
    86 | D:1      | Found a sparkling altar of Nemelex Xobeh.
   126 | D:2      | Found a bloodstained altar of Trog.
   134 | D:2      | Became a worshipper of Trog the Wrathful
   229 | D:3      | Reached skill level 4 in Polearms
   229 | D:3      | Reached XP level 2. HP: 15/22 MP: 5/5
   286 | D:4      | Noticed tp1's ghost (amateur DEFE)
   531 | D:3      | Reached skill level 5 in Polearms
   531 | D:3      | Reached XP level 3. HP: 2/27 MP: 6/6
   617 | D:3      | Noticed an orc priest
   620 | D:3      | Killed from afar by an orc priest

Action                   || total
-------------------------++-------
Melee: Spear             ||    85
Invok: Burn Spellbooks   ||     1
  Use: Scroll            ||     4
       Potion            ||     1
 Stab: Sleeping          ||     1
